Map: Ulrena

Players

capac

  • Race: Terran Terran
  • League: Gold

MenuBestOff - Winner!

  • Race: Terran Terran
  • League: Gold

VOD

Have the link to the VOD?

Description

Time

  • Played on: March 2, 2016, 3:13 p.m.
  • Length: 22:32
Show
View Real Time Build Order
Export as new Build Order

capac Terran 

Build Orders: MMM Bio 

Get SALT Encoding   

  12  0:00  SCV  
  13  0:13  SCV  
  14  0:18  Supply Depot  
  14  0:25  SCV  
  15  0:39  SCV  
  15  0:41  Barracks  
  16  0:51  SCV  
  16  0:56  Refinery  
  17  1:04  SCV  
  17  1:40  Marine  
  17  1:41  Supply Depot  
  17  1:44  Command Center  
  18  1:47  Orbital Command  
  18  1:58  Marine  
  19  2:08  Barracks  
  19  2:16  Marine  
  19  2:34  Marine, SCV  
  21  2:52  Marine  
  21  2:55  SCV  
  23  2:58  Factory, Marine  
  24  3:07  SCV  
  24  3:08  Refinery  
  24  3:10  Marine  
  26  3:16  Marine  
  26  3:19  SCV  
  28  3:39  Marine  
  29  3:41  Barracks Tech Lab  
  29  3:43  Factory Reactor  
  29  3:45  Starport  
  29  3:46  SCV  
  30  3:58  SCV  
  31  4:04  Orbital Command  
  31  4:06  Marine x2  
  33  4:10  SCV  
  34  4:22  Starport Reactor, SCV  
  34  4:24  Marine x2  
  37  4:31  Engineering Bay  
  37  4:34  SCV  
  38  4:45  Supply Depot  
  38  4:46  Medivac  
  38  4:50  Factory Tech Lab  
  40  5:05  Supply Depot  
  40  5:06  Marine x2  
  40  5:21  Stimpack  
  38  5:30  Marine  
  38  5:31  Marine  
  40  5:48  Marine x2  
  42  5:56  Missile Turret  
  42  6:00  SCV  
  42  6:02  SCV  
  44  6:06  Marine  
  44  6:08  Missile Turret  
  44  6:11  Medivac  
  47  6:12  Marine  
  48  6:24  Marine  
  49  6:26  SCV x2  
  49  6:27  Siege Tank  
  49  6:29  Marine  
  55  6:34  Missile Turret  
  55  6:40  Medivac  
  55  6:41  SCV x2  
  55  6:42  Marine  
  60  6:47  Refinery x2, Marine  
  61  7:05  Marine  
  61  7:07  Missile Turret  
  62  7:14  Missile Turret  
  62  7:25  Supply Depot  
  62  7:27  SCV x2, Barracks Reactor  
  62  8:08  Marine x2  
  62  8:09  Marine, Combat Shields  
  64  8:13  Supply Depot  
  64  8:15  Viking  
  63  8:31  SCV x2, Missile Turret x2  
  65  8:39  Supply Depot, Barracks x2, Marine x2  
  65  8:40  Marine  
  68  8:44  Siege Tank  
  68  8:47  Viking  
  73  8:59  Command Center  
  73  9:08  Supply Depot  
  73  9:09  SCV x2  
  75  9:14  Missile Turret  
  75  9:18  Terran Infantry Weapons Level 1  
  75  9:32  Viking  
  75  9:34  Viking  
  75  9:37  Barracks Reactor x2  
  79  9:40  Supply Depot, Marine x3  
  82  9:58  Marine x3  
  85  10:04  Viking x2, Supply Depot  
  85  10:07  Siege Tank  
  92  10:14  SCV x2  
  94  10:26  Supply Depot  
  94  10:31  Marine x7  
  101  10:55  Orbital Command  
  101  10:58  SCV x2  
  101  11:02  Marine x5  
  101  11:03  Marine  
  109  11:04  Marine  
  109  11:06  Siege Tank  
  113  11:16  Terran Infantry Armor Level 1  
  113  11:21  Armory  
  113  11:36  Marine x5  
  113  11:37  Marine  
  113  11:38  Factory  
  119  11:42  Siege Tank  
  119  11:45  SCV  
  119  11:46  SCV x2  
  125  11:52  Viking  
  127  11:54  Medivac  
  127  11:56  Marine x2  
  127  11:57  Marine  
  132  12:05  SCV x3  
  135  12:15  Siege Tank  
  135  12:19  Supply Depot  
  135  12:22  Terran Ship Weapons Level 1, Medivac  
  140  12:24  Medivac  
  142  12:41  SCV x2  
  144  12:47  Supply Depot, Marine x4  
  144  12:48  Marine x2  
  144  12:49  Factory Tech Lab  
  150  12:52  Medivac  
  150  12:54  Medivac  
  154  13:00  SCV x2  
  154  13:01  SCV  
  154  13:03  Refinery  
  154  13:04  Refinery  
  154  13:05  Marine  
  158  13:08  Siege Tank x2  
  164  13:14  Supply Depot  
  163  13:39  Viking  
  163  13:40  Viking  
  167  13:51  Siege Tank x2  
  167  13:54  Command Center  
  173  14:08  Starport  
  173  14:18  Starport  
  173  14:26  Viking x2  
  173  14:29  Terran Ship Weapons Level 2  
  173  14:31  Terran Infantry Weapons Level 2  
  177  14:34  Supply Depot  
  177  14:44  Starport Reactor  
  177  15:02  Viking x2  
  181  15:09  Armory  
  181  15:28  Viking x2  
  181  15:30  Starport Tech Lab  
  136  16:01  Viking x3  
  136  16:02  Viking x2  
  144  16:05  Marine x2  
  144  16:06  Marine x5  
  149  16:23  Marine  
  137  16:27  Marine  
  137  16:28  Marine x5  
  137  16:31  Viking x2  
  137  16:32  Viking  
  149  16:33  Viking x2  
  153  16:50  Marine x5  
  132  17:16  Viking x2  
  132  17:17  Viking x3  
  128  17:50  Medivac x3  
  128  17:51  Medivac x2  
  136  17:52  Marine x6  
  136  17:53  Marine  
  143  18:09  Marine  
  143  18:10  Marine x3  
  147  18:16  Command Center  
  147  18:26  Marine x2  
  147  18:27  Marine x3  
  149  18:28  Marine x2  
  154  18:44  Marine x3  
  154  18:45  Marine x3  
  151  19:17  Marine x2  
  151  19:18  Marine x5  
  158  19:35  Viking x2, Marine x2  
  158  19:36  Viking x3  
  168  19:43  Marine  
  168  19:44  Marine x4  
  173  19:53  Marine x2  
  175  20:01  Marine  
  175  20:05  Viking  
  178  20:16  Siege Tank x2  
  184  20:30  Command Center  
  183  21:48  Command Center  
Show
View Real Time Build Order
Export as new Build Order

MenuBestOff Terran - Winner!

Build Orders:  

Get SALT Encoding   

  12  0:01  SCV  
  13  0:13  SCV  
  14  0:22  Supply Depot  
  14  0:25  SCV  
  15  0:33  Refinery  
  15  0:44  SCV  
  15  0:48  Barracks  
  16  0:56  SCV  
  17  1:08  SCV  
  18  1:18  Barracks  
  18  1:20  SCV  
  19  1:32  SCV  
  20  1:43  Reaper  
  21  1:47  Orbital Command  
  21  1:52  Refinery  
  21  2:02  Supply Depot  
  21  2:10  Reaper  
  21  2:15  SCV  
  23  2:16  Factory  
  23  2:30  SCV  
  23  2:37  Engineering Bay  
  24  2:42  Supply Depot  
  24  2:43  SCV  
  25  2:55  Marine x2  
  25  2:58  SCV  
  28  3:02  Factory Reactor  
  28  3:12  Marine  
  28  3:13  Starport, Marine, SCV  
  31  3:30  Marine  
  31  3:34  SCV  
  32  3:46  SCV  
  33  3:59  Factory Tech Lab, Command Center  
  33  4:01  Marine x2  
  35  4:07  Medivac  
  37  4:14  Medivac  
  39  4:22  Missile Turret  
  39  4:24  Missile Turret  
  39  4:36  Supply Depot  
  39  4:40  Liberator  
  39  4:57  Marine x2  
  39  4:58  SCV  
  45  5:10  SCV  
  46  5:15  Marine  
  47  5:22  SCV  
  46  5:33  Marine  
  46  5:34  SCV  
  48  5:40  Siege Tank  
  51  5:43  Barracks  
  51  5:44  Barracks  
  51  5:46  SCV  
  52  5:51  Marine  
  52  5:54  Viking, Medivac  
  57  5:58  Orbital Command  
  57  6:05  SCV  
  57  6:09  Marine  
  59  6:13  Siege Tank  
  62  6:24  Refinery, Missile Turret  
  62  6:43  Barracks Tech Lab, Armory  
  62  6:44  Barracks Tech Lab  
  62  6:48  Supply Depot  
  62  7:08  Missile Turret  
  62  7:09  Viking x2, Marine x2  
  62  7:10  SCV x2  
  62  7:11  Supply Depot  
  62  7:14  Stimpack, Combat Shields  
  70  7:23  Supply Depot  
  70  7:30  Refinery  
  70  7:32  Widow Mine, Marine x2  
  70  7:33  SCV x2  
  76  7:38  Sensor Tower  
  76  7:45  SCV x2  
  78  7:57  SCV  
  77  8:01  Widow Mine  
  77  8:03  Marine  
  79  8:20  Marine  
  80  8:33  Concussive Shells  
  80  8:34  Starport  
  80  8:38  Marine  
  80  8:40  Command Center  
  81  8:49  Marauder x2  
  81  8:50  Marine  
  86  8:57  Supply Depot, Terran Vehicle Weapons Level 1  
  86  9:01  Supply Depot, Infernal Pre-Igniter  
  86  9:02  Supply Depot  
  86  9:04  Terran Infantry Armor Level 1  
  86  9:11  Engineering Bay  
  86  9:13  Starport Tech Lab  
  86  9:19  Marauder x2, Marine, Siege Tank  
  86  9:21  Supply Depot  
  86  9:22  Marine  
  86  9:23  Supply Depot  
  95  9:25  Supply Depot  
  95  9:28  Supply Depot  
  95  9:37  Marine  
  96  9:41  Marauder x2  
  96  9:43  Banshee  
  103  9:46  SCV x2  
  103  9:51  Hellion  
  107  9:54  Marine  
  107  9:55  Terran Infantry Weapons Level 1  
  107  9:58  Planetary Fortress  
  108  10:12  Marine  
  108  10:13  Fusion Core  
  109  10:14  Marine x2  
  109  10:15  Marine  
  109  10:17  Medivac  
  114  10:23  Refinery  
  114  10:26  Raven  
  116  10:28  SCV x2  
  116  10:30  Marine  
  116  10:32  Marine x2  
  116  10:33  Marine  
  122  10:40  SCV  
  123  10:49  Sensor Tower  
  123  11:00  Starport  
  123  11:05  SCV x3  
  123  11:09  Battlecruiser  
  132  11:16  Refinery  
  132  11:25  Supply Depot  
  132  11:27  Supply Depot  
  132  11:28  Supply Depot  
  132  11:30  Supply Depot  
  132  11:34  Marauder x2  
  132  11:35  Marine x2  
  138  11:43  Missile Turret  
  138  11:44  Medivac  
  140  11:52  Marine  
  141  11:55  Marauder x2  
  141  11:58  Starport Tech Lab  
  141  11:59  Weapon Refit  
  145  12:10  SCV x2  
  145  12:11  SCV  
  145  12:13  Battlecruiser  
  154  12:17  Marauder x2  
  154  12:22  SCV  
  159  12:26  Battlecruiser  
  165  12:30  SCV x2  
  165  12:33  Supply Depot  
  167  12:42  Supply Depot  
  167  12:45  Terran Ship Weapons Level 1  
  167  12:47  Terran Infantry Weapons Level 2  
  167  12:49  Behemoth Reactor  
  167  13:10  Command Center  
  167  13:23  Battlecruiser  
  167  13:26  Siege Tank  
  176  13:40  Viking  
  176  13:41  Viking x2  
  182  13:58  Siege Tank  
  182  14:01  Missile Turret  
  182  14:02  Missile Turret  
  185  14:18  Battlecruiser  
  185  14:19  Refinery  
  185  14:21  Refinery  
  191  14:29  Barracks  
  191  14:32  Planetary Fortress  
  191  14:33  Barracks  
  191  14:37  Missile Turret  
  191  14:41  Battlecruiser, Sensor Tower  
  175  15:55  Battlecruiser  
  175  15:56  Battlecruiser  
  156  16:28  Marine  
  156  16:29  Marine x5  
  162  16:46  Marine  
  162  16:47  Marine x5  
  168  17:00  Battlecruiser x2  
  178  17:04  Marine x3  
  178  17:05  Marine x3  
  173  17:09  Hellion  
  168  17:20  Viking  
  168  17:22  Marine x6  
  175  17:30  Viking  
  175  17:31  Hellion  
  167  17:40  Marine x6  
  166  17:50  Viking  
  155  17:52  Hellbat  
  157  17:59  Starport  
  157  18:00  Viking  
  157  18:04  Marine x3, Battlecruiser x2  
  157  18:05  Marine x3  
  177  18:13  Hellbat  
  179  18:20  Viking  
  179  18:22  Marine  
  182  18:35  Hellion  
  182  18:37  Missile Turret  
  182  18:38  Missile Turret  
  184  18:41  Marine  
  184  18:42  Marine x5, Missile Turret  
  184  18:43  Missile Turret  
  181  18:58  Missile Turret  
  181  18:59  Marine  
  181  19:00  Marine x5, Missile Turret  
  187  19:04  Missile Turret  
  187  19:08  Battlecruiser  
  187  19:16  Battlecruiser  
  193  19:17  Viking, Marine  
  193  19:19  Marine x3  
  193  19:20  Marine  
  200  19:33  Viking  
  196  20:07  Starport Tech Lab  
  196  20:12  Raven  
  198  20:16  Hellion  
  198  20:17  Viking  
  200  20:25  Command Center  
  199  21:19  Missile Turret  
  199  21:31  Missile Turret  
  199  21:35  Missile Turret  
  199  21:39  Planetary Fortress  
  197  21:44  Missile Turret  
  197  21:47  Refinery  
  197  21:52  Refinery  
  196  22:06  Missile Turret  
Tags
 
Composition
MMM Bio
League
GoldGold
Matchup
TvT
Race
Terran
Add a new tag
Caveats
  • Supply blocks, unpowered buildings, or Contaminate may cause inaccurate times.
  • Supply counts are checked every 10 seconds.